 Dungeon Crawl Stone Soup version 0.21-a0-225-g207ae17 (webtiles) character file.

67750 Moloch the Impaler (level 14, -7/119 HPs)
             Began as a Mummy Fighter on Aug 28, 2017.
             Was a High Priest of Ru.
             Killed by divine providence
             ... invoked by an orc priest
              (10 damage)
             ... on level 2 of the Orcish Mines.
             The game lasted 01:01:22 (28819 turns).

Moloch the Impaler (Mummy Fighter)                 Turns: 28819, Time: 01:01:23

Health: -7/119     AC: 24    Str: 26    XL:     14   Next: 84%
Magic:  10/16      EV:  9    Int:  5    God:    Ru [*****.]
Gold:   1939       SH:  0    Dex: 20    Spells: 10/13 levels left

rFire    + . .     SeeInvis +   G - -3 glaive (curse)
rCold    . . .     Gourm    .   (shield currently unavailable)
rNeg     + + +     Faith    .   Q - +4 fire dragon scales
rPois    ∞         Spirit   .   u - +2 hat {SInv}
rElec    .         Reflect  .   s - +1 cloak
rCorr    .         Harm     .   o - +1 pair of gloves of Orthodoxy {rPois Str+7 Int-2 Dex+3}
MR       +....                  F - +0 pair of boots
Stlth    ..........             (no amulet)
HPRegen  0.29/turn              i - +5 ring of protection
MPRegen  0.15/turn              J - +3 ring of slaying

@: exhausted, no scrolls, drained
A: no food or potions, fire vulnerability, cold resistance 1, low mp 1, negative
energy resistance 3, torment resistance, unbreathing, no potion heal 1,
inability to read while threatened, no stealth, no earth magic, no
translocations magic, no transmutations magic, unskilled 1, in touch with death
1
a: Draw Out Power, Power Leap, Apocalypse, Renounce Religion


You were on level 2 of the Orcish Mines.
You worshipped Ru.
Ru was extremely pleased with you.
You were not hungry.

You visited 4 branches of the dungeon, and saw 22 of its levels.
You also visited: Ossuary and Ice Cave.

You collected 1995 gold pieces.
You spent 56 gold pieces at shops.

Inventory:

Hand Weapons
 a - a +1 trident
 d - a +3 bardiche
 G - a cursed -3 glaive (weapon)
Missiles
 f - 8 silver javelins (quivered)
Armour
 c - a +0 shield
 o - the +1 pair of gloves of Orthodoxy (worn) {rPois Str+7 Int-2 Dex+3}
   (You acquired it on level 3 of the Lair of Beasts)

   It affects your strength (+7).
   It affects your intelligence (-2).
   It affects your dexterity (+3).
   It protects you from poison.
 s - a +1 cloak (worn)
 u - a +2 hat of see invisible (worn)
 F - a +0 pair of boots (worn)
 Q - +4 fire dragon scales (worn)
Jewellery
 b - an uncursed ring of teleportation
 i - a +5 ring of protection (left hand)
 v - an uncursed ring of wizardry
 z - an uncursed ring of ice
 D - an uncursed ring of resist corrosion
 J - a +3 ring of slaying (right hand)
 N - a +3 ring of evasion
Wands
 h - a wand of digging (8/24)
 j - a wand of acid (4/15)
 t - a wand of iceblast (1/15)
 w - a wand of polymorph (11/24)
 x - a wand of confusion (0/48)
 y - a wand of scattershot (5/9)
 I - a wand of iceblast (7/15)
 L - a wand of iceblast (9/15)
 P - a wand of scattershot (4/9)
Scrolls
 e - 7 scrolls of remove curse
 g - 2 scrolls of fog
 k - 2 scrolls of fear
 l - 11 scrolls of teleportation
 m - a scroll of silence
 n - a scroll of holy word {unknown}
 p - a scroll of magic mapping
 r - 2 scrolls of immolation
 B - a scroll of torment
 C - a scroll of blinking
 E - 3 scrolls of recharging
 M - 3 scrolls of identify
 O - 2 scrolls of brand weapon {unknown}
Miscellaneous
 A - a phial of floods
 H - a box of beasts


   Skills:
 - Level 13.7(12.2) Fighting
 + Level 15.6(14.0) Polearms
 - Level 2.1(1.1) Armour
 - Level 2.1(1.1) Shields
 - Level 5.1(4.0) Evocations


You had 10 spell levels left.
You knew the following spells:

 Your Spells              Type           Power        Failure   Level  Hunger
a - Apportation           Tloc           #.....       83%         1    N/A
b - Blink                 Tloc           N/A          92%         2    N/A

Dungeon Overview and Level Annotations

Branches:
Dungeon (13/15)            Temple (1/1) D:5            Lair (6/6) D:11
 Shoals (0/4) Lair:2        Snake (0/4) Lair:2        Slime (0/5) Lair:5
    Orc (2/2) D:11         Vaults (0/5) D:13
    Elf: Orc:2

Altars:
Ashenzari
Dithmenos
Elyvilon
Fedhas
Hepliaklqana
Makhleb
Nemelex Xobeh
Okawaru
Ru
Sif Muna
Trog
Uskayaw
Vehumet
Wu Jian
Xom
Yredelemnul
The Shining One
Jiyva

Shops:
D:9 *   D:10 *

Annotations:
D:8 p0werm0de's ghost, novice DgWn
D:13 Rupert; Urug
Lair:6 exclusion: ice statue


Innate Abilities, Weirdness & Mutations

You do not eat or drink.
Your flesh is vulnerable to fire.
You are immune to poison.
Your flesh is cold resistant. (rC+)
Your magical capacity is low. (-10% MP)
You are immune to negative energy. (rN+++)
You are immune to unholy pain and torment.
You can survive without breathing.
Potions are less effective at restoring your health.
You cannot read scrolls while threatened.
You cannot be stealthy.
You cannot study or cast Earth magic.
You cannot study or cast Translocations magic.
You cannot study or cast Transmutations magic.
You are somewhat unskilled. (-1 Apt)
You are in touch with the powers of death.


Message History

You hit the stone giant but do no damage.
The stone giant is severely wounded.
The stone giant hits you but does no damage.
You reveal the great annihilating truth to your foes!
You kill the stone giant!
You feel drained.
You hear a shout! x28; You hear a howl!
You hear a shout! x4
An orc warrior comes into view. It is wielding a short sword.
An orc priest comes into view. It is wielding a mace.
Evoke which item? (* to show all) (? for menu, Esc to quit)
Okay, then.
You now have 1939 gold pieces (gained 17).
An orc comes into view.
You're too exhausted to power leap.
The orc priest shouts!
The orc warrior hits you with a short sword.
* * * LOW HITPOINT WARNING * * *
The orc priest calls down the wrath of Beogh upon you.
Beogh smites you!
You die...

####.## .. ###.....## ..
##........###..
#..<......##...
###....##...##.)..
##.##.###.......)..
#...###.#..#.#..[..
##....#.............
#..@..#.............
##..o...........#...
#...#.##....o.......
.##.....#............
..#..................
#.......oo..[÷......
###...................
..##.....................
...#....#.................


You could see an orc warrior, an orc priest and an orc.

Vanquished Creatures
  Gastronok (D:9)
  A frost giant (IceCv)
  A stone giant (Orc:2)
  Nessos (Lair:5)
  A fire dragon (Lair:6)
  2 hydras
  Erica (D:10)
  A centaur warrior (D:12)
  3 two-headed ogres
  8 death yaks
  Nergalle (Lair:1)
  A sea snake (Lair:2)
  Pikel (D:4)
  2 lindwurms (Lair:6)
  A wolf spider (Lair:6)
  2 cyclopes (D:11)
  An orc sorcerer (Orc:2)
  A deep elf mage (D:12)
  A manticore (Lair:2)
  Maurice (D:9)
  An elephant (Lair:4)
  A guardian serpent (Lair:6)
  An ice statue (IceCv)
  8 black mambas
  A gargoyle (D:11)
  13 spiny frogs
  7 torpor snails
  9 komodo dragons
  4 rime drakes
  A freezing wraith (Lair:6)
  2 ice devils (Lair:4)
  5 trolls
  19 polar bears
  10 hornets (Lair:6)
  3 tyrant leeches (Lair:6)
  19 blink frogs
  Grinder (D:3)
  3 dream sheep
  Prince Ribbit (D:9)
  13 hippogriffs
  A redback (Lair:6)
  21 yaks
  A vampire (D:12)
  A wraith (D:10)
  18 wyverns
  4 humans (D:12)
  A basilisk (Lair:4)
  A steam dragon (D:10)
  A soldier ant (D:11)
  6 nagas (Lair:2)
  17 water moccasins
  10 porcupines
  A black bear (Lair:1)
  A swamp drake (D:11)
  5 ice beasts
  A phantom (D:7)
  A slave (D:4)
  2 eyes of draining
  8 orc warriors
  5 sky beasts
  23 wolves
  A necrophage (D:7)
  3 centaurs
  3 ogres
  14 crocodiles
  5 big kobolds
  An elf zombie (Ossuary)
  20 bullfrogs
  A wyvern zombie (D:9)
  2 scorpions
  A water moccasin zombie (D:12)
  4 howler monkeys
  6 electric eels
  2 bullfrog zombies
  2 centaur zombies
  5 crimson imps
  4 jellies
  2 quasits
  3 centaur skeletons
  A bullfrog skeleton (D:9)
  6 orc priests
  Crazy Yiuf (D:3)
  6 hounds
  A human zombie (Ossuary)
  3 iguanas
  9 orc wizards
  Natasha (thrice) (D:3)
  7 worker ants
  A big kobold zombie (Ossuary)
  4 hound skeletons
  2 mummies (Ossuary)
  Robin (D:2)
  3 gnolls
  15 adders
  2 shadow imps
  2 white imps (Lair:6)
  An ooze (D:4)
  2 adder zombies
  5 worms
  2 dart slugs
  3 leopard geckos
  44 orcs
  4 giant cockroaches
  28 goblins
  3 hobgoblins
  18 jackals
  4 quokkas
  2 bats
  6 frilled lizards
  2 goblin zombies (Ossuary)
  10 hobgoblin zombies (Ossuary)
  A jackal zombie (Ossuary)
  31 kobolds
  10 kobold zombies (Ossuary)
  9 orc zombies (Ossuary)
  A quokka skeleton (D:4)
  5 rats
  A fungus (Lair:6)
  3 plants (Lair:6)
624 creatures vanquished.

Vanquished Creatures (collateral kills)
  A yak (IceCv)
1 creature vanquished.

Vanquished Creatures (others)
  A death yak (IceCv)
  2 spiny frogs
  A tyrant leech (Lair:6)
  2 polar bears (IceCv)
  An orc (Orc:1)
  A bush (Lair:5)
  24 fungi
  52 plants
84 creatures vanquished.

Grand Total: 709 creatures vanquished

Notes
Turn   | Place    | Note
-------+----------+-------------------------------------------
     0 | D:1      | Moloch the Mummy Fighter began the quest for the Orb.
     0 | D:1      | Reached XP level 1. HP: 18/18 MP: 1/1
   113 | D:1      | Reached skill level 2 in Polearms
   175 | D:1      | Reached XP level 2. HP: 24/24 MP: 2/2
   207 | D:1      | Found a glowing golden altar of the Shining One.
   457 | D:2      | Reached XP level 3. HP: 24/30 MP: 3/3
   881 | D:2      | Reached XP level 4. HP: 30/37 MP: 4/4
   976 | D:3      | Noticed Robin
  1154 | D:2      | Killed Robin
  1154 | D:2      | Reached skill level 3 in Polearms
  1639 | D:3      | Noticed Natasha
  1655 | D:3      | Killed Natasha
  1655 | D:3      | Reached XP level 5. HP: 17/43 MP: 5/5
  2006 | D:3      | Found a basalt altar of Yredelemnul.
  2025 | D:3      | Noticed an ogre
  2038 | D:3      | Killed an ogre
  2038 | D:3      | Reached skill level 4 in Polearms
  2229 | D:3      | Reached skill level 5 in Fighting
  2229 | D:3      | Reached XP level 6. HP: 51/51 MP: 6/6
  2327 | D:3      | Found a runed door.
  2603 | D:3      | Noticed Grinder
  2626 | D:3      | Paralysed by Grinder for 6 turns
  2635 | D:3      | Paralysed by Grinder for 6 turns
  2645 | D:3      | Paralysed by Grinder for 3 turns
  2654 | D:3      | Paralysed by Grinder for 6 turns
  2665 | D:3      | Killed Grinder
  2853 | D:3      | Noticed Natasha
  2867 | D:3      | Killed Natasha
  2867 | D:3      | Reached XP level 7. HP: 50/57 MP: 7/7
  2937 | D:3      | Noticed Crazy Yiuf
  2944 | D:3      | Killed Crazy Yiuf
  2944 | D:3      | Reached skill level 5 in Polearms
  2981 | D:3      | Noticed Natasha
  3003 | D:3      | Killed Natasha
  3187 | D:4      | Noticed Pikel
  3241 | D:4      | Killed Pikel
  3241 | D:4      | Reached skill level 6 in Polearms
  3241 | D:4      | Reached XP level 8. HP: 63/65 MP: 8/8
  3814 | D:5      | Entered Level 5 of the Dungeon
  4239 | D:5      | Found a bloodstained altar of Trog.
  4266 | D:5      | Reached skill level 7 in Polearms
  4658 | D:5      | Found a staircase to the Ecumenical Temple.
  4667 | Temple   | Entered the Ecumenical Temple
  4738 | Temple   | Became a worshipper of Ru the Awakened
  4865 | D:6      | Found a deep blue altar of Sif Muna.
  5514 | D:6      | Gained mutation: Your magical capacity is low. (-10% MP) [Ru sacrifice]
  5959 | D:7      | Noticed a hippogriff
  5963 | D:7      | Reached XP level 9. HP: 70/74 MP: 8/8
  5992 | D:7      | Reached skill level 8 in Polearms
  6299 | D:7      | Found a glowing golden altar of the Shining One.
  6438 | D:7      | Found a sparkling altar of Nemelex Xobeh.
  6438 | D:7      | Found a shimmering altar of Xom.
  6440 | D:7      | Found a shimmering altar of Xom.
  6440 | D:7      | Found a basalt altar of Yredelemnul.
  6440 | D:7      | Found a sacrificial altar of Ru.
  6659 | D:7      | Found a burning altar of Makhleb.
  6698 | D:8      | Noticed p0werm0de's ghost (novice DgWn)
  6888 | D:8      | Found a sand-covered staircase.
  6893 | Ossuary  | Entered an ossuary
  7290 | D:8      | Learned a level 1 spell: Apportation
  8250 | D:8      | Noticed a two-headed ogre
  8716 | D:7      | Reached skill level 9 in Polearms
  8796 | D:8      | Gained mutation: Potions are less effective at restoring your health. [Ru sacrifice]
  8796 | D:8      | Reached * piety under Ru
  9522 | D:8      | Killed a two-headed ogre
  9522 | D:8      | Reached XP level 10. HP: 83/83 MP: 8/11
 10926 | D:9      | Noticed Maurice
 10941 | D:9      | Killed Maurice
 10941 | D:9      | Reached skill level 5 in Evocations
 10970 | D:9      | Found Plog's General Store.
 11134 | D:9      | Found an ornate altar of the Wu Jian Council.
 11134 | D:9      | Found an iron altar of Okawaru.
 11165 | D:9      | Noticed Prince Ribbit
 11181 | D:9      | Killed Prince Ribbit
 11214 | D:9      | Noticed Gastronok
 11236 | D:9      | Killed Gastronok
 11236 | D:9      | Reached skill level 10 in Fighting
 11236 | D:9      | Reached skill level 10 in Polearms
 11387 | D:10     | Entered Level 10 of the Dungeon
 11430 | D:10     | Noticed Erica
 11461 | D:10     | Reached XP level 11. HP: 90/90 MP: 13/13
 11584 | D:10     | Found Wuufry's Book Emporium.
 11684 | D:9      | Gained mutation: You cannot be stealthy. [Ru sacrifice]
 11684 | D:9      | Reached ** piety under Ru
 11972 | D:10     | Noticed a two-headed ogre
 12000 | D:10     | Killed a two-headed ogre
 12178 | D:10     | Found Jovuxauq's Assorted Antiques.
 12220 | D:10     | Bought a scroll labeled DOLEISM ETOSOIJ for 28 gold pieces
 12221 | D:10     | Bought a scroll labeled XIECUR FEMAENT for 28 gold pieces
 12606 | D:10     | Killed Erica
 12606 | D:10     | Reached skill level 11 in Polearms
 12699 | D:11     | Found a staircase to the Orcish Mines.
 13495 | D:11     | Found a staircase to the Lair.
 14108 | D:11     | Found a basalt altar of Yredelemnul.
 14514 | D:12     | Noticed a deep elf mage
 14536 | D:12     | Killed a deep elf mage
 14610 | D:12     | Reached skill level 12 in Polearms
 14640 | D:12     | Noticed a two-headed ogre
 14669 | D:12     | Killed a two-headed ogre
 15026 | D:12     | Noticed a seven-headed hydra
 15053 | D:12     | Killed a seven-headed hydra
 15053 | D:12     | Reached XP level 12. HP: 100/100 MP: 14/14
 15068 | D:12     | Gained mutation: You cannot read scrolls while threatened. [Ru sacrifice]
 15068 | D:12     | Reached *** piety under Ru
 15121 | D:13     | Found a gate to the Vaults.
 15121 | D:13     | Noticed Rupert
 15121 | D:13     | Noticed a centaur warrior
 15121 | D:13     | Noticed Urug
 15121 | D:13     | Noticed a two-headed ogre
 15226 | D:12     | Killed a centaur warrior
 15618 | Lair:1   | Entered Level 1 of the Lair of Beasts
 15667 | Lair:1   | Noticed Nergalle
 15713 | Lair:1   | Killed Nergalle
 16375 | Lair:1   | Reached skill level 13 in Polearms
 17645 | Lair:2   | Found a staircase to the Shoals.
 18034 | Lair:2   | Gained mutation: You are somewhat unskilled. (-1 Apt) [Ru sacrifice]
 18034 | Lair:2   | Reduced skill Polearms to level 12
 18034 | Lair:2   | Reached **** piety under Ru
 18034 | Lair:2   | Reached ***** piety under Ru
 18543 | Lair:2   | Found a staircase to the Snake Pit.
 19612 | Lair:3   | Got a pair of translucent gloves
 19623 | Lair:3   | Identified the +1 pair of gloves of Orthodoxy {rPois Str+7 Int-2 Dex+3} (You acquired it on level 3 of the Lair of Beasts)
 19695 | Lair:3   | Learned a level 2 spell: Blink
 19756 | Lair:3   | Noticed a five-headed hydra
 19789 | Lair:3   | Killed a five-headed hydra
 19853 | Lair:3   | Gained mutation: You are in touch with the powers of death. [Mummy growth]
 19853 | Lair:3   | Reached XP level 13. HP: 78/107 MP: 15/15
 20045 | Lair:3   | Reached skill level 13 in Polearms
 20774 | Lair:4   | Found a frozen archway.
 21028 | IceCv    | Entered an ice cave
 22508 | IceCv    | Noticed a frost giant
 22595 | IceCv    | Killed a frost giant
 23640 | Lair:4   | Reached skill level 14 in Polearms
 24097 | Lair:5   | Noticed Nessos
 24516 | Lair:5   | You fall through a shaft!
 24516 | Lair:6   | Entered Level 6 of the Lair of Beasts
 24775 | Lair:5   | Killed Nessos
 24786 | Lair:5   | Got a dazzling plate armour
 24802 | Lair:5   | Identified the cursed +0 plate armour "Vosadoer" {rCorr Str+4} (You found it on level 5 of the Lair of Beasts)
 25004 | Lair:5   | Reached XP level 14. HP: 103/116 MP: 16/16
 25184 | Lair:5   | Found a viscous altar of Jiyva.
 25185 | Lair:5   | Found a staircase to the Slime Pits.
 26317 | Lair:6   | Reached skill level 15 in Polearms
 26386 | Lair:6   | Found a runed door.
 28129 | Orc:1    | Entered Level 1 of the Orcish Mines
 28157 | Orc:1    | Gained mutation: You cannot study or cast Earth magic. [Ru sacrifice]
 28157 | Orc:1    | Gained mutation: You cannot study or cast Transmutations magic. [Ru sacrifice]
 28157 | Orc:1    | Gained mutation: You cannot study or cast Translocations magic. [Ru sacrifice]
 28280 | Orc:2    | Entered Level 2 of the Orcish Mines
 28358 | Orc:2    | Paralysed by an orc sorcerer for 3 turns
 28623 | Orc:1    | Noticed a stone giant
 28801 | Orc:2    | HP: 2/119 [stone giant (24)]
 28803 | Orc:2    | Killed a stone giant
 28819 | Orc:2    | HP: 3/119 [orc warrior/short sword (4)]
 28819 | Orc:2    | Killed from afar by an orc priest

Vault maps used:
D:1:      scummos_arrival_forest, hangedman_decor_growths, tso_metal_star
D:2:      first_bread
D:3:      kennysheep_the_goblin_king, lemuel_crystal_altar, grunt_ministairs_14,
          nrook_mini_vaults, uniq_grinder, uniq_robin, uniq_natasha,
          uniq_crazy_yiuf_cottage
D:4:      uniq_pikel
D:5:      minmay_temple_entry_poolview, serial_bayou_pond_c,
          trog_three_pillars_becter
D:6:      basic_altar
D:7:      doesnt_xom_only_xom, makhleb_blood_cavern_becter
D:8:      enter_ossuary_5, serial_bayou, serial_bayou_shore_b,
          serial_bayou_ford_a, serial_bayou_lagoon_a, serial_bayou_lagoon_b
D:9:      amethyst_overflow_temple_binary, serial_shops, shop,
          uniq_prince_ribbit1, uniq_maurice, uniq_gastronok
D:10:     serial_shops, shop_fountains, nicolae_shop_statue_plus, uniq_erica
D:11:     erik_lair_dragon, orc_0_dummy, basic_altar
D:13:     david_vaults_3, hangedman_ranch, argonaut_gorgonesque
Temple:   dpeg_five_rooms_temple
Lair:1:   beast_lair_carwin_5, uniq_nergalle
Lair:2:   minmay_shoals_entry_beasts, minmay_snake_entry_guardpost_medium,
          small_statue_intersection, st_stairs_8
Lair:4:   portal_ice_cave_demonic_guard, st_stairs_11, lemuel_fruit_fields
Lair:5:   dpeg_slime_entry_enclosed_altar, serial_bayou_crossing,
          serial_bayou_shore_b, uniq_nessos
Lair:6:   wormcave, hangedman_lair_tendril_chambers, ice2_lemuel
Orc:2:    grunt_orc_cross, nicolae_orc_stony_grotto
Ossuary:  ossuary_tomb_1
IceCv:    ice_cave_caverns_03

Skill      XL: |  1  2  3  4  5  6  7  8  9 10 11 12 13 14 |
---------------+-------------------------------------------+-----
Polearms       | 2 3 4 6 7 9 10 12 12 14 15 | 15.6
Fighting       | 4 5 6 8 9 10 11 11 12 13 | 13.7
Evocations     | 3 5 |  5.1
Armour         | |  2.1
Shields        | |  2.1

Action                   |  1- 3 |  4- 6 |  7- 9 | 10-12 | 13-15 || total
-------------------------+-------+-------+-------+-------+-------++-------
Melee: Trident           |   142 |   213 |   753 |  1310 |  1349 ||  3767
       Glaive            |       |       |       |       |   103 ||   103
Throw: Javelin           |       |     2 |       |     8 |       ||    10
Invok: Sacrifice Essence |       |       |     1 |       |       ||     1
       Sacrifice Purity  |       |       |     1 |       |       ||     1
       Sacrifice Stealth |       |       |       |     1 |       ||     1
       Power Leap        |       |       |       |     1 |       ||     1
       Sacrifice Words   |       |       |       |     1 |       ||     1
       Sacrifice Skill   |       |       |       |     1 |       ||     1
       Apocalypse        |       |       |       |       |     3 ||     3
       Reject Sacrifices |       |       |       |       |     1 ||     1
       Sacrifice Arcana  |       |       |       |       |     1 ||     1
Evoke: Wand              |       |       |    10 |    82 |    19 ||   111
       Phial of floods   |       |       |       |     1 |       ||     1
  Use: Scroll            |     2 |       |     9 |    10 |    12 ||    33
 Stab: Confused          |       |       |     7 |    57 |    15 ||    79
       Distracted        |       |       |       |     6 |    15 ||    21
       Invisible         |       |       |       |     2 |     9 ||    11
       Paralysed         |       |       |       |       |     2 ||     2
Armor: Scale mail        |     7 |       |       |       |       ||     7
       Chain mail        |    85 |    99 |    64 |       |       ||   248
       Ring mail         |       |       |   203 |   343 |   125 ||   671
       Plate armour      |       |       |       |       |   264 ||   264
       Fire dragon scale |       |       |       |       |    87 ||    87
Dodge: Dodged            |    33 |    35 |   138 |   222 |   189 ||   617
Block: Shield            |    69 |    85 |   272 |   346 |   314 ||  1086

Table legend:
 A = Spawn XP
 B = Non-spawn XP
 C = Spawn XP percentage of total XP
 D = Spawn monster count
 E = Non-spawn monster count
 F = Spawn count percentage of total count
 G = Total turns spent on level
                    A         B        C        D         E        F      G
               +---------+---------+-------+---------+---------+-------+---------
         Total |   17166 |   79621 |  17.7 |     104 |     520 |  16.7 | 28819
               +---------+---------+-------+---------+---------+-------+---------
           D:1 |       0 |      12 |   0.0 |       0 |       8 |   0.0 |   388
           D:2 |       2 |     137 |   1.4 |       1 |      41 |   2.4 |  1020
           D:3 |      34 |     686 |   4.7 |      10 |      33 |  23.3 |  1630
           D:4 |       8 |     833 |   1.0 |       2 |      19 |   9.5 |   878
           D:5 |      13 |     431 |   2.9 |       1 |       8 |  11.1 |   817
           D:6 |      49 |     439 |  10.0 |       1 |      12 |   7.7 |   979
           D:7 |     143 |    1201 |  10.6 |       8 |      30 |  21.1 |  2575
           D:8 |     337 |    1897 |  15.1 |      10 |      26 |  27.8 |  1832
           D:9 |     602 |    3942 |  13.2 |       6 |      12 |  33.3 |  1062
          D:10 |     105 |    3431 |   3.0 |       6 |      17 |  26.1 |   975
          D:11 |    1236 |    3231 |  27.7 |      20 |      19 |  51.3 |  2091
          D:12 |       0 |    5364 |   0.0 |       0 |      18 |   0.0 |  1172
        Lair:1 |     654 |    5451 |  10.7 |       3 |      25 |  10.7 |  1876
        Lair:2 |    2326 |    3738 |  38.4 |       7 |      22 |  24.1 |  1863
        Lair:3 |     418 |    3974 |   9.5 |       1 |      14 |   6.7 |  1352
        Lair:4 |    2083 |    4325 |  32.5 |       7 |      21 |  25.0 |   891
        Lair:5 |    2726 |    4141 |  39.7 |       4 |      15 |  21.1 |  1099
        Lair:6 |    6430 |   21945 |  22.7 |      17 |      76 |  18.3 |  2764
         Orc:1 |       0 |    1234 |   0.0 |       0 |      15 |   0.0 |   254
         Orc:2 |       0 |    2552 |   0.0 |       0 |       7 |   0.0 |   436
       Ossuary |       0 |     279 |   0.0 |       0 |      39 |   0.0 |   392
         IceCv |       0 |   10378 |   0.0 |       0 |      43 |   0.0 |  2317
               +---------+---------+-------+---------+---------+-------+---------
